 Dungeon Crawl Stone Soup version 0.20.1-1-g8b1a95d (webtiles) character file.

627 JeffiDaFish the Magician (level 7, -3/37 HPs)
             Began as a Deep Elf Fire Elementalist on July 28, 2017.
             Slain by Menkaure (15 damage)
             ... on level 5 of the Dungeon.
             The game lasted 00:18:01 (4486 turns).

JeffiDaFish the Magician (DEFE)                     Turns: 4486, Time: 00:18:01

Health: -3/37      AC: 10    Str:  2 (5)  XL:     7   Next: 23%
Magic:  16/17      EV: 12    Int: 19 (20) God:
Gold:   265        SH:  0    Dex: 17      Spells: 2/17 levels left

rFire    . . .     SeeInvis .   q - +0 short sword
rCold    . . .     Gourm    .   (no shield)
rNeg     . . .     Faith    .   i - +0 leather armour
rPois    .         Spirit   .   k - +2 helmet
rElec    .         Reflect  .   m - +0 cloak
rCorr    .         Harm     .   (no gloves)
MR       .....                  h - +2 pair of boots
Stlth    ++........             (no amulet)
Regen    0.2/turn               (no ring)
MPRegen  0.2/turn               (no ring)

@: no status effects
A: no striking features
a: no special abilities


You were on level 5 of the Dungeon.
You were very hungry.

You visited 1 branch of the dungeon, and saw 5 of its levels.

You collected 265 gold pieces.

Inventory:

Hand Weapons
 q - a +0 short sword (weapon)
Armour
 h - a +2 pair of boots (worn)
 i - a +0 leather armour (worn)
 k - a +2 helmet (worn)
 m - a +0 cloak (worn)
Scrolls
 e - 3 scrolls of identify
 o - a scroll of teleportation
 p - a scroll of fear
Potions
 j - 2 potions of heal wounds
 n - a potion of invisibility
Books
 b - a book of Flames

   Spells                             Type                      Level
   a - Flame Tongue                   Conjuration/Fire             1
   b - Throw Flame                    Conjuration/Fire             2
   c - Conjure Flame                  Conjuration/Fire             3
   d - Inner Flame                    Hexes/Fire                   3
   e - Sticky Flame                   Conjuration/Fire             4
   f - Fireball                       Conjuration/Fire             5
Comestibles
 a - 4 fruits
 c - 6 bread rations
 f - a royal jelly
 g - 4 meat rations


   Skills:
 + Level 0.5 Fighting
 + Level 2.5 Short Blades
 + Level 1.4 Armour
 + Level 4.1 Dodging
 + Level 3.8 Stealth
 + Level 5.9 Spellcasting
 + Level 2.9 Conjurations
 + Level 4.9 Fire Magic


You had 2 spell levels left.
You knew the following spells:

 Your Spells              Type           Power        Failure   Level  Hunger
a - Flame Tongue          Conj/Fire      ###..        4%          1    None
b - Throw Flame           Conj/Fire      ###...       8%          2    None
c - Inner Flame           Hex/Fire       ##......     26%         3    ##.....
d - Sticky Flame          Conj/Fire      ###.....     43%         4    ####...
e - Fireball              Conj/Fire      ###.......   80%         5    #####..


Dungeon Overview and Level Annotations

Branches:
Dungeon (5/15)
 Temple: D:4-7

Altars:

Annotations:
D:5 Menkaure


Message History

You hit Menkaure but do no damage.
Menkaure is heavily damaged.
The crimson imp blinks!
You hit Menkaure but do no damage.
Menkaure is heavily damaged.
Menkaure barely misses you.
You hit Menkaure.
Menkaure is heavily damaged.
Menkaure gestures wildly while chanting.
Menkaure seems to speed up.
There is an open door here.
Casting: Flame Tongue
Confirm with . or Enter, or press ? or * to list all spells.
Aiming: Flame Tongue
Press: ? - help, Shift-Dir - straight line, f - Menkaure
Aim: Menkaure (heavily damaged, fast)
The flame tongue hits Menkaure.
Menkaure is burned terribly!
Menkaure is almost destroyed.
Menkaure hits you. The crimson imp hits you. Menkaure hits you!
You die...

........##....#.##
##########.......#
#####.#.## #####
#.#..# .....####
#..#.# ........#
##.#.# ..(.....#
#...#
!....)..#####..#
.......M@.....>#
.......5########
....[...#
...####.# .# #.#
..# ###


You could see Menkaure and a crimson imp.

Vanquished Creatures
  3 ogres
  A scorpion (D:5)
  A jelly (D:5)
  A centaur skeleton (D:4)
  4 worker ants
  Natasha (D:2)
  An orc wizard (D:4)
  An adder (D:2)
  An adder skeleton (D:4)
  3 worms (D:2)
  2 dart slugs
  5 leopard geckos
  9 orcs
  3 ball pythons
  A giant cockroach (D:2)
  7 goblins
  6 hobgoblins
  10 jackals
  4 quokkas
  6 bats
  11 frilled lizards
  6 kobolds
  3 quokka skeletons (D:4)
  5 rats
95 creatures vanquished.

Notes
Turn   | Place    | Note
-------+----------+-------------------------------------------
     0 | D:1      | JeffiDaFish the Deep Elf Fire Elementalist began the quest for the Orb.
     0 | D:1      | Reached XP level 1. HP: 10/10 MP: 6/6
   256 | D:1      | Reached XP level 2. HP: 15/15 MP: 8/8
   432 | D:1      | Learned a level 2 spell: Throw Flame
   662 | D:1      | Reached XP level 3. HP: 16/19 MP: 5/10
   826 | D:1      | Reached skill level 4 in Spellcasting
   868 | D:1      | Learned a level 3 spell: Inner Flame
   982 | D:2      | Reached XP level 4. HP: 24/24 MP: 7/12
  1285 | D:2      | Learned a level 4 spell: Sticky Flame
  1690 | D:2      | Noticed Natasha
  1702 | D:2      | Killed Natasha
  2079 | D:3      | Reached skill level 1 in Short Blades
  2666 | D:3      | Reached XP level 5. HP: 28/28 MP: 11/13
  2998 | D:4      | Reached skill level 1 in Armour
  3268 | D:4      | Noticed an ogre
  3272 | D:4      | Killed an ogre
  3272 | D:4      | Reached XP level 6. HP: 32/32 MP: 7/15
  3364 | D:4      | Reached skill level 5 in Spellcasting
  3653 | D:5      | Entered Level 5 of the Dungeon
  3955 | D:5      | Learned a level 5 spell: Fireball
  4011 | D:4      | Reached XP level 7. HP: 17/37 MP: 4/17
  4476 | D:5      | Noticed Menkaure
  4486 | D:5      | Slain by Menkaure

Skill      XL: |  1  2  3  4  5  6 |
---------------+-------------------+-----
Stealth        | 3 |  3.8
Spellcasting   | 4 5 |  5.9
Fire Magic     | 4 |  4.9
Short Blades   | 1 2 |  2.5
Armour         | 1 |  1.4
Dodging        | 3 4 |  4.1
Conjurations   | 2 |  2.9
Fighting       | |  0.5

Action                   |  1- 3 |  4- 6 |  7- 9 || total
-------------------------+-------+-------+-------++-------
Melee: Dagger            |    51 |   201 |       ||   252
       Short sword       |       |       |   165 ||   165
 Cast: Flame Tongue      |    24 |    50 |     9 ||    83
       Throw Flame       |     8 |    38 |     4 ||    50
       Inner Flame       |     1 |     2 |       ||     3
       Sticky Flame      |       |     3 |       ||     3
  Use: Potion            |     5 |     5 |       ||    10
       Scroll            |     3 |     7 |       ||    10
 Stab: Sleeping          |     3 |     3 |     1 ||     7
  Eat: Chunk             |     1 |     9 |     2 ||    12
Armor: Robe              |     1 |       |       ||     1
       Leather armour    |    13 |   136 |    51 ||   200
Dodge: Dodged            |    41 |   178 |    70 ||   289
